 Dungeon Sprint DCSS version 0.14-a0-59-gd5eeb80 (console) character file.

6161 Dalvant the Scorcher (level 10, -2/54 (56) HPs)
             Began as a Deep Elf Fire Elementalist on Sept 30, 2013.
             Was a High Priest of Vehumet.
             Slain by an unseen horror (9 damage)
             ... in the Dungeon (Sprint I: "Red Sonja").
             The game lasted 00:09:02 (2467 turns).

Dalvant the Scorcher (Deep Elf Fire Elementalist)   Turns: 2467, Time: 00:09:02

HP  -2/54 (56)   AC  3     Str  5      XL: 10   Next: 40%
MP  10/32        EV 12     Int 24      God: Vehumet [*****.]
Gold 760         SH  0     Dex 17      Spells:  3 memorised, 25 levels left

Res.Fire  : . . .   See Invis. : .   h - +7,+2 short sword "Yjusiran" {slice, Dex+2 Res.Cold : . . . Warding : . k - +0 leather armour {rPois} Life Prot.: . . . Conserve : . (no shield)
Res.Poison: +       Res.Corr.  : .   (no helmet)
Res.Elec. : .       Clarity    : .   (no cloak)
Sust.Abil.: . .     Spirit.Shd : .   (no gloves)
Res.Mut.  : .       Prev.Telep.: +   (no boots)
Res.Rott. : .       Flight     : .   (no amulet)
Saprovore : . . .                    (no ring)
                                     (no ring)

@: rotting, somewhat resistant to hostile enchantments, stealthy
A: no striking features
a: Renounce Religion


You were in the Dungeon.
You worshipped Vehumet.
Vehumet was extremely pleased with you.
You were near starving.

You visited 1 branch You collected 875 gold pieces.
You spent 135 gold pieces at shops.

Inventory:

Hand weapons
 h - the +7,+2 short sword "Yjusiran" (weapon) {slice, Dex+2}
   (You found it in the Dungeon)

   It inflicts extra damage upon your enemies.
   It affects your dexterity (+2).
Armour
 a - a +0 elven robe
 k - a +0 leather armour of poison resistance (worn)
Magical devices
 j - a wand of polymorph (16) {unknown}
Scrolls
 c - a scroll of identify {unknown}
 i - a scroll of blinking
Potions
 e - 2 potions of heal wounds
 f - a potion of speed
 g - 2 potions of magic
 l - a potion of invisibility
Books
 b - a book of Flames

   Spells                             Type                      Level
   *Flame Tongue                      Conjuration/Fire             1
   Throw Flame                        Conjuration/Fire             2
   Conjure Flame                      Conjuration/Fire             3
   Inner Flame                        Hexes/Fire                   3
   *Sticky Flame                      Conjuration/Fire             4
   *Fireball                          Conjuration/Fire             5


   Skills:
 - Level 6.5 Fighting
 - Level 5.0 Dodging
 - Level 5.0 Stealth
 - Level 0.1 Unarmed Combat
 + Level 13.3 Spellcasting
 * Level 14.4 Conjurations
 + Level 16.4 Fire Magic


You had 25 spell levels left.
You knew the following spells:

 Your Spells              Type           Power        Failure   Level  Hunger
a - Flame Tongue          Conj/Fire      #####        0%          1    None
c - Sticky Flame          Conj/Fire      ######..     1%          4    None
v - Fireball              Conj/Fire      ######....   1%          5    ##.....


Dungeon Overview and Level Annotations

Branches:
Dungeon (1/1)

Altars:
Makhleb
Okawaru
Trog
Vehumet
Xom
Zin
the Shining One

Shops:
D !*[


Message History

The unseen horror burns!
The unseen horror barely misses you.
Casting: Flame Tongue
Confirm with . or Enter, or press ? or * to list all spells.
Aiming: Flame Tongue
Press: ? - help, Shift-Dir - straight line, f/p - unseen horror
Aim: an unseen horror (severely wounded, slightly transparent, covered in liquid flames)
The flame hits the unseen horror.
The unseen horror appears unharmed.
The unseen horror is severely wounded.
The unseen horror burns!
The unseen horror hits you.
* * * LOW HITPOINT WARNING * * *
Casting: Flame Tongue
Confirm with . or Enter, or press ? or * to list all spells.
Aiming: Flame Tongue
Press: ? - help, Shift-Dir - straight line, f/p - unseen horror
Aim: an unseen horror (purple smoke, severely wounded, slightly transparent, covered in liquid flames)
Okay, then.
The unseen horror burns!
The unseen horror hits you!
* * * LOW HITPOINT WARNING * * *
The unseen horror hits you!
You die...

##########################
#<<#..)..#.)'..#__#..')).#
#<.[.%#..'..#..'(.'..#...#
#..#####'#####'#__####...+
#..####..#...#.####(§#####
#..#_.####..##.#§≈§§§#..#
#..#.....##'#..+§≈§..§..#
#⌠⌠#_.∩...'..._#≈§§§§#§§#
####.....##_.#'##§#####§###
#_._._###'#(#)(..###.'.#
############)####'###.###%#
#∩........'...'.....'.∩##.#
###++++####...###########%#
##.## ......##§# #+#
#........+.# #'''######§#
#%%.?§J§x#§# ##.?!.§.§#@§#
........§§#### ......§.≈≈#
......≈§≈## ..≈≈≈≈###
######


You could see an unseen horror (burning).

Vanquished Creatures
  2 centaur warriors (D)
  An unseen horror (D)
  A deep troll (D)
  An oklob plant (D)
  A giant amoeba (D)
  Sonja (D)
  4 trapdoor spiders (D)
  An elephant slug (D)
  2 kobold demonologists (D)
  7 necrophages (D)
  A yellow wasp (D)
  An ogre (D)
  Sigmund (D)
  6 pulsating lumps (D)
  A jelly (D)
  Ijyb (D)
  2 giant eyeballs (D)
34 creatures vanquished.

Vanquished Creatures (others)
  A metal gargoyle (D)
1 creature vanquished.

Grand Total: 35 creatures vanquished

Notes
Turn   | Place    | Note
--------------------------------------------------------------
     0 | D        | Dalvant, the Deep Elf Fire Elementalist, began the quest for the Orb.
     0 | D        | Reached XP level 1. HP: 10/10 MP: 4/4
     1 | D        | Noticed Ijyb
    11 | D        | Killed Ijyb
    11 | D        | Reached skill level 5 in Fire Magic
    11 | D        | Reached XP level 2. HP: 15/15 MP: 0/7
    76 | D        | Noticed an ogre
    79 | D        | Killed an ogre
    79 | D        | Reached skill level 5 in Dodging
    79 | D        | Reached skill level 5 in Stealth
    79 | D        | Reached skill level 8 in Fire Magic
    79 | D        | Reached XP level 3. HP: 19/19 MP: 5/10
    79 | D        | Reached XP level 4. HP: 24/24 MP: 6/12
   129 | D        | Learned a level 4 spell: Sticky Flame
   142 | D        | Noticed Sigmund
   149 | D        | Killed Sigmund
   149 | D        | Reached skill level 9 in Fire Magic
   149 | D        | Reached XP level 5. HP: 28/28 MP: 0/16
   263 | D        | Learned a level 5 spell: Fireball
   267 | D        | Found a shimmering altar of Xom.
   267 | D        | Found an iron altar of Okawaru.
   267 | D        | Found a shimmering altar of Xom.
   267 | D        | Found a bloodstained altar of Trog.
   267 | D        | Noticed a giant amoeba
   269 | D        | Found a bloodstained altar of Trog.
   270 | D        | Noticed a jelly
   271 | D        | Found a glowing silver altar of Zin.
   277 | D        | Killed a jelly
   277 | D        | Reached skill level 10 in Fire Magic
   398 | D        | Found a burning altar of Makhleb.
   398 | D        | Found a glowing golden altar of the Shining One.
   398 | D        | Found Buifuoqidu's General Store.
   398 | D        | Found a radiant altar of Vehumet.
   398 | D        | Found a shimmering altar of Xom.
   398 | D        | Noticed an elephant slug
   414 | D        | Killed an elephant slug
   414 | D        | Reached skill level 5 in Conjurations
   414 | D        | Reached skill level 11 in Fire Magic
   414 | D        | Reached XP level 6. HP: 26/34 MP: 4/19
   439 | D        | Found an iron altar of Okawaru.
   445 | D        | Became a worshipper of Vehumet
   448 | D        | Bought a pear for 10 gold pieces
   473 | D        | Killed a metal gargoyle
   631 | D        | Killed a giant amoeba
   631 | D        | Reached skill level 5 in Fighting
   631 | D        | Reached skill level 12 in Fire Magic
   631 | D        | Reached XP level 7. HP: 38/40 MP: 15/22
   670 | D        | Noticed a kobold demonologist
   672 | D        | Noticed a kobold demonologist
   672 | D        | Killed a kobold demonologist
   672 | D        | Acquired Vehumet's first power
   672 | D        | Offered knowledge of Sting by Vehumet.
   672 | D        | Reached skill level 13 in Fire Magic
   672 | D        | Killed a kobold demonologist
   721 | D        | Noticed Sonja
   724 | D        | Killed Sonja
   724 | D        | Reached XP level 8. HP: 34/45 MP: 8/25
   739 | D        | Found Shrixzis' Distillery.
   868 | D        | Noticed a deep troll
   874 | D        | Killed a deep troll
   874 | D        | Offered knowledge of Sandblast by Vehumet.
   874 | D        | Reached skill level 14 in Fire Magic
   887 | D        | Found Kuatrat's Armour Emporium.
   892 | D        | Bought a +1 leather armour of poison resistance for 125 gold pieces
  1063 | D        | Got a slimy short sword
  1064 | D        | Identified the +7,+2 short sword "Yjusiran" {slice, Dex+2} (You found it in the Dungeon)
  1064 | D        | Identified the +7,+2 short sword "Yjusiran" {slice, Dex+2} (You found it in the Dungeon)
  1069 | D        | Noticed a centaur warrior
  1073 | D        | Killed a centaur warrior
  1073 | D        | Reached skill level 10 in Conjurations
  1073 | D        | Reached XP level 9. HP: 41/51 MP: 11/29
  1073 | D        | Killed a centaur warrior
  1073 | D        | Reached skill level 10 in Spellcasting
  1073 | D        | Reached skill level 15 in Fire Magic
  1144 | D        | Noticed a yellow wasp
  1148 | D        | Killed a yellow wasp
  1148 | D        | Offered knowledge of Mephitic Cloud by Vehumet.
  1195 | D        | Noticed an oklob plant
  1197 | D        | HP: 1/51 [oklob plant/splash of acid (4)]
  1198 | D        | Killed an oklob plant
  1491 | D        | Noticed a trapdoor spider
  1498 | D        | Killed a trapdoor spider
  1498 | D        | Acquired Vehumet's second power
  1645 | D        | Noticed a trapdoor spider
  1646 | D        | Noticed a trapdoor spider
  1651 | D        | Killed a trapdoor spider
  1889 | D        | Killed a trapdoor spider
  1889 | D        | Offered knowledge of Dazzling Spray by Vehumet.
  2162 | D        | Noticed a trapdoor spider
  2170 | D        | Killed a trapdoor spider
  2170 | D        | Reached XP level 10. HP: 41/56 MP: 24/31
  2256 | D        | Noticed a pulsating lump
  2256 | D        | Noticed a pulsating lump
  2256 | D        | Noticed a pulsating lump
  2259 | D        | Acquired Vehumet's third power
  2261 | D        | Noticed a pulsating lump
  2261 | D        | Noticed a pulsating lump
  2261 | D        | Noticed a pulsating lump
  2261 | D        | Noticed a pulsating lump
  2263 | D        | Noticed a necrophage
  2263 | D        | Noticed a necrophage
  2264 | D        | Noticed a necrophage
  2265 | D        | Noticed a necrophage
  2265 | D        | Noticed a necrophage
  2265 | D        | Killed a pulsating lump
  2265 | D        | Killed a pulsating lump
  2265 | D        | Offered knowledge of Fulminant Prism by Vehumet.
  2267 | D        | Noticed a necrophage
  2282 | D        | Killed a pulsating lump
  2286 | D        | Killed a pulsating lump
  2302 | D        | Killed a pulsating lump
  2306 | D        | Killed a necrophage
  2306 | D        | Reached skill level 16 in Fire Magic
  2348 | D        | Killed a necrophage
  2356 | D        | Noticed an unseen horror
  2361 | D        | Killed a necrophage
  2363 | D        | Killed an unseen horror
  2410 | D        | Killed a necrophage
  2427 | D        | Killed a necrophage
  2436 | D        | Noticed a necrophage
  2443 | D        | Killed a necrophage
  2443 | D        | Offered knowledge of Lee's Rapid Deconstruction by Vehumet.
  2448 | D        | Killed a necrophage
  2454 | D        | Killed a pulsating lump
  2464 | D        | Noticed an unseen horror
  2467 | D        | Slain by an unseen horror

Action                   |  1- 3 |  4- 6 |  7- 9 | 10-12 || total
-------------------------+-------+-------+-------+-------++-------
Melee: Unarmed           |     5 |       |       |       ||     5
       Short sword       |       |       |     1 |       ||     1
 Cast: Flame Tongue      |     6 |    19 |     8 |    39 ||    72
       Sticky Flame      |       |     3 |     8 |    10 ||    21
       Fireball          |       |       |    14 |     3 ||    17
  Use: Potion            |     1 |       |     1 |     1 ||     3
